 Dungeon Crawl Stone Soup version 0.31-a0-151-ge443d1f16c (webtiles) character file.

Game seed: 12280917548281161889

209786 qw the Crack Shot (level 18, -31/196 HPs)
             Began as a Minotaur Hunter on June 8, 2023.
             Was a High Priest of Okawaru.
             Annihilated by a vault warden
             ... wielding a +3 dire flail
              (42 damage)
             ... on level 1 of the Vaults.
             The game lasted 00:12:47 (27669 turns).

qw the Crack Shot (Minotaur Hunter)                Turns: 27669, Time: 00:12:48

Health: -31/196    AC: 12    Str: 18    XL:     18   Next: 16%
Magic:  23/24      EV: 41    Int:  6    God:    Okawaru [*****.]
Gold:   1331       SH:  0    Dex: 26    Spells: 17/17 levels left

rFire   + + .        Y - +9 triple crossbow (freeze)
rCold   + + +        (shield currently unavailable)
rNeg    + . .        q - +4 skin of Zhor {*Englaciate rC+++ SInv}
rPois   +            l - -2 hat of the Alchemist {rElec rPois rF+ rC+ rN+ Will+ rMut rCorr}
rElec   +            d - +0 cloak
rCorr   +            r - +1 pair of gloves
SInv    +            w - +2 pair of boots {Fly}
Will    ++...        c - amulet of faith
Stlth   ++++         j - +6 ring of dexterity
HPRegen 0.52/turn    h - +5 ring of evasion
MPRegen 0.19/turn

%: resist mutation, faith
@: about to teleport, heroic, flying
A: horns 2, retaliatory headbutt, fire resistance 1, robust 1
}: 1/15 runes: serpentine
a: Renounce Religion, Heroism, Finesse, Duel


You were on level 1 of the Vaults.
You worshipped Okawaru.
Okawaru was extremely pleased with you.
You visited 7 branches of the dungeon, and saw 31 of its levels.
You also visited: Ossuary.

You collected 4530 gold pieces.
You spent 3199 gold pieces at shops.


Innate Abilities, Weirdness & Mutations

You have a pair of horns on your head.
You reflexively headbutt those who attack you in melee.
Your flesh is heat resistant. (rF+)
You are robust. (+10% HP)


   Skills:
 + Level 20.3(25.3) Fighting
 - Level 22.0(27) Ranged Weapons
 - Level 8.0(13.0) Armour
 - Level 19.0(24.0) Dodging
 - Level 0.7(5.7) Stealth
 - Level 10.0 Invocations


You had 17 spell levels left.
You didn't know any spells.
Your spell library was empty.

Inventory:

Hand Weapons
 Y - a +9 triple crossbow of freezing (weapon)
Armour
 d - a +0 cloak (worn)
 f - the +5 ring mail of Free Will {Str+3}
   (Okawaru gifted it to you on level 3 of the Lair of Beasts)

   Str:       It affects your strength (+3).
 l - the -2 hat of the Alchemist (worn) {rElec rPois rF+ rC+ rN+ Will+ rMut rCorr}
   (You found it on level 4 of the Lair of Beasts)

   rF:        It protects you from fire.
   rC:        It protects you from cold.
   rElec:     It insulates you from electricity.
   rPois:     It protects you from poison.
   rN:        It protects you from negative energy.
   rCorr:     It protects you from acid and corrosion.
   rMut:      It protects you from mutation.
   Will:      It increases your willpower.
 n - a +1 ring mail of fire resistance
 q - the +4 skin of Zhor (worn) {*Englaciate rC+++ SInv}
   (You found it on level 2 of the Lair of Beasts)

   *Englaciate: It radiates cold, occasionally slowing all nearby creatures who
   are not resistant to cold.
   rC:        It renders you almost immune to cold.
   SInv:      It lets you see invisible.
 r - a +1 pair of gloves (worn)
 t - a +2 leather armour of poison resistance
 u - a +0 cloak of poison resistance
 v - the +3 Mad Mage's Maulers {Infuse+∞ VampMP -Cast}
   (You bought it in a shop on level 14 of the Dungeon)

   Infuse+∞: It empowers its wearer's blows with all of their magic.
   VampMP:    Blows struck in melee replenish the wearer's magic.
   -Cast:     It prevents spellcasting.
 w - a +2 pair of boots of flying (worn)
Jewellery
 c - an amulet of faith (around neck)
 h - a +5 ring of evasion (right hand)
 j - a +6 ring of dexterity (left hand)
 x - a ring of protection from fire
 z - an amulet of reflection
Wands
 i - a wand of digging (3)
Scrolls
 a - 12 scrolls of teleportation
 e - 2 scrolls of enchant weapon
 p - 14 scrolls of identify
Potions
 b - 20 potions of curing
 g - 8 potions of heal wounds
 k - 4 potions of magic
 m - 3 potions of mutation
 o - 6 potions of might
 s - a potion of haste

Dungeon Overview and Level Annotations

Branches:
Dungeon (15/15)            Temple (1/1) D:5            Lair (5/5) D:8
  Swamp (3/4) Lair:3        Snake (4/4) Lair:2        Slime (0/5) Lair:5
    Orc (2/2) D:9             Elf (0/3) Orc:2        Vaults (1/5) D:13
 Depths (0/4) D:15        Ossuary (visited)

Altars:
Ashenzari
Cheibriados
Dithmenos
Elyvilon
Fedhas
Gozag
Hepliaklqana
Kikubaaqudgha
Makhleb
Nemelex Xobeh
Okawaru
Qazlal
Ru
Sif Muna
Trog
Uskayaw
Vehumet
Wu Jian
Xom
Yredelemnul
Zin
The Shining One
Jiyva

Shops:
D:14 :[[[   Orc:2 :!=(   Snake:1 =   Snake:4 **

Annotations:
D:4 2 transporters, 3 runed translucent doors, qw's ghost, amateur GrFi
D:5 2 transporters, qw's ghost, novice GrFi
D:15 1 runed translucent door
Lair:1 3 runed translucent doors, qw's ghost, journeyman MiHu
Lair:5 3 runed translucent doors
Snake:3 1 runed translucent door, wjtupper's ghost, adept MiHu


Message History

The ironbound convoker is no longer moving slowly.
The ironbound convoker barely misses you.
The vault warden hits you with a +3 dire flail!!
The ironbound frostheart barely misses you.
You furiously retaliate!
You headbutt the ironbound frostheart!
The ironbound convoker gestures at the vault warden while chanting.
The vault warden seems to grow stronger.
The ironbound thunderhulk misses you. You furiously retaliate!
You headbutt the ironbound thunderhulk.
The ironbound preserver completely misses you.
The deep troll completely misses you. x3
You shoot a bolt. The bolt hits the ironbound preserver!
The bolt freezes the ironbound preserver.
The ironbound preserver is heavily wounded.
The deep troll closely misses you. The deep troll completely misses you.
The deep troll claws you but does no damage.
The vault warden hits you with a +3 dire flail!!!
The ironbound convoker completely misses you. x2
The ironbound frostheart misses you. You furiously retaliate!
You headbutt the ironbound frostheart.
The ironbound preserver mumbles some strange words.
The ironbound preserver begins to accept its allies' injuries.
You shoot a bolt.
The bolt barely misses the ironbound preserver.
The ironbound thunderhulk completely misses you.
The ironbound convoker misses you.
The vault warden hits you with a +3 dire flail!!!
The ironbound convoker completely misses you.
You furiously retaliate!
You headbutt the ironbound convoker!! The deep troll closely misses you.
The deep troll completely misses you. x2
The ironbound frostheart barely misses you.
The ironbound preserver hits you with a +0 great mace.
27669 ||| READING 13 scrolls of teleportation.
As you read the scroll of teleportation, it crumbles to dust.
You feel strangely unstable. The deep troll closely misses you.
The deep troll completely misses you. x2
The ironbound convoker points at the ironbound convoker and mumbles some strange words.
The ironbound convoker seems to grow stronger.
The vault warden hits you with a +3 dire flail!!!
You die...

......... .......
...... #[...#
#....# #....#
#ppp.# #p@T.#
#.pO.# #....#
#....# #....#
#....#
#######....#
..........#
########........#


You could see an ironbound preserver, a vault warden (strong, sheltered), an
ironbound thunderhulk (sheltered), an ironbound frostheart (strong, sheltered),
a deep troll (sheltered) and 2 ironbound convokers.

Vanquished Creatures
  Mara (Snake:4)
  Saint Roka (Snake:3)
  2 tentacled monstrosities
  Rupert (D:13)
  2 quicksilver dragons (Snake:4)
  Jorgrun (Snake:2)
  Agnes (Snake:3)
  Frances (Snake:1)
  2 thorn hunters
  Donald (Snake:4)
  3 nagarajas (Snake:4)
  Aizul (Snake:2)
  An ironbound thunderhulk (Vaults:1)
  3 ironbound preservers (Vaults:1)
  Nessos (D:13)
  2 eleionomae
  A stone giant (D:15)
  2 bunyips
  Azrael (Orc:2)
  Josephine (Swamp:1)
  A fire dragon (Lair:1)
  An entropy weaver (Vaults:1)
  An ice dragon (Lair:4)
  4 salamander tyrants
  Erolcha (D:9)
  An ironbound frostheart (Vaults:1)
  6 boulder beetles
  A ghost crab (Swamp:3)
  A catoblepas (Lair:5)
  6 anacondas
  8 hydras
  3 two-headed ogres
  2 centaur warriors
  5 death yaks (Lair:3)
  13 alligators
  11 naga warriors
  2 tengu warriors (D:15)
  3 orc high priests (Orc:2)
  6 shock serpents
  9 naga sharpshooters
  7 spriggans
  4 skeletal warriors (D:13)
  A skyshark (Lair:2)
  4 goliath frogs
  3 salamander mystics
  A spriggan druid (Swamp:3)
  3 naga ritualists
  4 swamp dragons
  6 bog bodies
  12 deep trolls (Vaults:1)
  4 deep elf pyromancers
  3 lindwurms
  An ironbound convoker (Vaults:1)
  7 orc knights
  3 wizards
  A manticore (D:12)
  13 ugly things
  4 orc sorcerers
  5 cyclopes
  2 will-o-the-wisps (Swamp:3)
  9 mana vipers
  An ice statue (Lair:4)
  20 salamanders
  28 black mambas
  2 vault sentinels (Vaults:1)
  3 molten gargoyles (Lair:5)
  19 naga magi
  3 torpor snails
  8 guardian serpents
  2 gargoyles
  A yaktaur (shapeshifter) (D:14)
  8 cane toads
  A kobold demonologist (D:11)
  12 rime drakes
  12 komodo dragons
  9 tyrant leeches
  8 polar bears
  3 bloated husks
  3 meliai (D:14)
  10 trolls
  28 blink frogs
  A tarantella (shapeshifter) (D:13)
  Grinder (D:5)
  9 hornets
  12 dream sheep
  Prince Ribbit (D:5)
  15 wyverns
  13 slime creatures
  A vampire (D:9)
  A shadow (D:12)
  7 wraiths
  A fire elemental (Orc:2)
  A spriggan (shapeshifter) (D:13)
  A water elemental (D:15)
  15 humans
  15 basilisks
  49 yaks
  13 vampire mosquitoes
  2 redbacks (Vaults:1)
  34 nagas
  5 wargs
  A warg (shapeshifter) (D:14)
  2 acid dragons
  17 swamp worms
  10 water moccasins
  8 hell hounds
  23 orc warriors
  6 ice beasts
  3 black bears
  7 ogres
  13 wolves
  13 centaurs
  2 phantoms
  3 elf zombies (Ossuary)
  A kobold brigand (D:8)
  9 bullfrogs
  A scorpion (D:6)
  A gnoll sergeant (D:8)
  3 wights (D:8)
  9 killer bees
  6 howler monkeys
  5 electric eels
  5 lava snakes (Lair:5)
  3 hounds
  A human zombie (Ossuary)
  21 orc priests
  5 gnoll boudas
  2 jellies
  17 orc wizards
  5 iguanas
  4 hell rats (Lair:5)
  2 mummies (Ossuary)
  8 adders
  30 gnolls
  2 white imps (Lair:4)
  4 ufetubi
  2 adder zombies (Ossuary)
  4 worms
  A dart slug (D:3)
  78 orcs
  7 ball pythons
  12 endoplasms
  9 giant cockroaches
  13 hobgoblins
  4 jackals (D:2)
  5 quokkas
  8 bats
  5 frilled lizards
  10 goblins
  11 hobgoblin zombies (Ossuary)
  8 kobolds
  8 kobold zombies (Ossuary)
  9 orc zombies (Ossuary)
  3 rats (D:3)
  A rat zombie (Ossuary)
1039 creatures vanquished.

Vanquished Creatures (collateral kills)
  An orc zombie (Ossuary)
1 creature vanquished.

Vanquished Creatures (others)
  2 bloated husks
  A human (D:13)
  An orc (Orc:2)
  An orc zombie (Ossuary)
5 creatures vanquished.

Grand Total: 1045 creatures vanquished

Notes
Turn   | Place    | Note
-------+----------+-------------------------------------------
     0 | D:1      | qw the Minotaur Hunter began the quest for the Orb.
     0 | D:1      | Reached XP level 1. HP: 18/18 MP: 0/0
     0 | D:1      | 0 ||| qw: Version: 0.2-a-120-gdf1a93b
     0 | D:1      | 0 ||| qw: Game counter: 3041
     0 | D:1      | 0 ||| qw: Always use a shield: true
     0 | D:1      | 0 ||| qw: God list: Okawaru
     0 | D:1      | 0 ||| qw: Allow faded altars: false
     0 | D:1      | 0 ||| qw: Do Orc after D:15 true
     0 | D:1      | 0 ||| qw: Do second Lair branch before Depths: true
     0 | D:1      | 0 ||| qw: Lair rune preference: random
     0 | D:1      | 0 ||| qw: Plans: Normal
     0 | D:1      | 0 ||| PLANNING D:1-11
   127 | D:1      | Reached XP level 2. HP: 25/25 MP: 1/1
   141 | D:1      | Reached skill level 5 in Ranged Weapons
   387 | D:1      | Reached skill level 3 in Fighting
   661 | D:1      | 661 ||| UPGRADING to +0 cloak.
   666 | D:1      | 666 ||| UPGRADING to +0 ring mail.
   676 | D:1      | 676 ||| DROPPING +0 leather armour.
   677 | D:1      | 677 ||| UPGRADING to +0 pair of gloves.
   682 | D:1      | 682 ||| UPGRADING to +5 ring of evasion.
   683 | D:1      | 683 ||| READING scroll labelled ROSIL DIUPOKYU.
   684 | D:1      | 684 ||| READING scroll labelled ZOM COMPEBI.
   685 | D:1      | 685 ||| DROPPING scroll of butterflies.
   687 | D:1      | 687 ||| Stepping ~*~*~tactically~*~*~ (cloud).
   691 | D:1      | HP: 6/26 [poisoned by you (poison gas)]
   839 | D:2      | Reached skill level 1 in Armour
   846 | D:2      | Reached XP level 3. HP: 31/31 MP: 2/2
   855 | D:2      | 855 ||| Stepping ~*~*~tactically~*~*~ (outnumbered).
   859 | D:2      | 859 ||| Stepping ~*~*~tactically~*~*~ (outnumbered).
   884 | D:2      | HP: 4/31 [gnoll/+0 spear (5)]
   891 | D:2      | Reached XP level 4. HP: 3/38 MP: 3/3
  1115 | D:2      | Reached skill level 6 in Ranged Weapons
  1235 | D:2      | 1235 ||| READING 2 scrolls labelled SUSEORHESUT.
  1484 | D:2      | 1484 ||| READING scroll labelled WECITOXEBOT.
  1485 | D:2      | 1485 ||| READING scroll labelled PUCKAL QABBI.
  1486 | D:2      | 1486 ||| DRINKING 2 sedimented brown potions.
  1513 | D:3      | 1513 ||| DRINKING potion of curing.
  1513 | D:3      | 1513 ||| (to cure confusion)
  1540 | D:3      | Reached XP level 5. HP: 25/46 MP: 4/4
  1543 | D:3      | 1543 ||| FLEEEEING.
  1544 | D:3      | 1544 ||| STAIRDANCE
  1712 | D:3      | Noticed an ice beast
  1728 | D:3      | Killed an ice beast
  1729 | D:3      | Reached skill level 7 in Ranged Weapons
  1729 | D:3      | Reached XP level 6. HP: 45/52 MP: 5/5
  2208 | D:3      | 2208 ||| UPGRADING to amulet of the acrobat.
  2213 | D:3      | 2213 ||| UPGRADING to +4 ring of protection.
  2214 | D:3      | 2214 ||| READING scroll labelled MEENONTURA.
  2215 | D:3      | 2215 ||| DRINKING 3 inky potions.
  2216 | D:3      | 2216 ||| DROPPING 2 potions of attraction.
  2239 | D:4      | 2239 ||| PLANNING OSSUARY
  2667 | D:4      | Found a transporter.
  2809 | D:4      | Found a transporter.
  2842 | D:4      | Found a sand-covered staircase.
  2875 | D:4      | 2875 ||| UPGRADING to amulet of faith.
  2885 | D:4      | 2885 ||| DROPPING ring of see invisible.
  2886 | D:4      | 2886 ||| READING 2 scrolls labelled WAOXZO EGOLIG.
  2975 | D:4      | 2975 ||| READING scroll labelled OHOET TOMA.
  2976 | D:4      | 2976 ||| DRINKING 2 coppery potions.
  2977 | D:4      | 2977 ||| DROPPING potion of degeneration.
  2978 | D:4      | 2978 ||| DROPPING scroll of torment.
  2983 | Ossuary  | Entered an ossuary
  3071 | Ossuary  | 3071 ||| FLEEEEING.
  3110 | Ossuary  | Reached skill level 8 in Ranged Weapons
  3225 | Ossuary  | Reached XP level 7. HP: 54/60 MP: 6/6
  3378 | Ossuary  | 3378 ||| DRINKING 2 cyan potions.
  3482 | Ossuary  | 3482 ||| DRINKING 2 glowing cyan potions.
  3483 | Ossuary  | 3483 ||| DRINKING 2 sedimented purple potions.
  3483 | Ossuary  | Gained mutation: You are robust. (+10% HP) [potion of
                  | mutation]
  3483 | Ossuary  | Gained mutation: Your flesh is heat resistant. (rF+)
                  | [potion of mutation]
  3501 | Ossuary  | 3501 ||| DROPPING potion of berserk rage.
  3516 | D:4      | 3516 ||| PLANNING D:1-11
  3667 | D:4      | Noticed qw's ghost (amateur GrFi)
  3668 | D:4      | Found a runed translucent gate.
  3668 | D:4      | Found a runed translucent gate.
  3668 | D:4      | Found a runed translucent gate.
  3854 | D:5      | Entered Level 5 of the Dungeon
  3854 | D:5      | Noticed Grinder
  3855 | D:5      | Noticed Prince Ribbit
  3858 | D:5      | 3858 ||| STAIRDANCE
  3863 | D:4      | Reached skill level 9 in Ranged Weapons
  4036 | D:5      | 4036 ||| STAIRDANCE
  4178 | D:5      | Paralysed by Grinder for 2 turns
  4184 | D:5      | Killed Prince Ribbit
  4192 | D:5      | Killed Grinder
  4193 | D:5      | Reached skill level 6 in Fighting
  4193 | D:5      | Reached XP level 8. HP: 70/78 MP: 7/7
  4276 | D:5      | Noticed qw's ghost (novice GrFi)
  4277 | D:5      | Found a transporter.
  4390 | D:5      | Reached skill level 10 in Ranged Weapons
  4393 | D:5      | Reached skill level 3 in Armour
  4483 | D:5      | Found a staircase to the Ecumenical Temple.
  4484 | D:5      | 4484 ||| PLANNING TEMPLE
  4484 | D:5      | 4484 ||| UPGRADING to +1 ring mail of fire resistance.
  4494 | D:5      | 4494 ||| DROPPING +0 ring mail.
  4495 | D:5      | 4495 ||| READING 2 scrolls labelled KIDORR BEMU.
  4496 | D:5      | 4496 ||| DROPPING scroll of amnesia.
  4506 | Temple   | Entered the Ecumenical Temple
  4578 | Temple   | 4578 ||| PLANNING OKAWARU WORSHIP
  4800 | Temple   | Became a worshipper of Warmaster Okawaru
  4800 | Temple   | 4800 ||| PLANNING D:1-11
  4823 | D:5      | Found a transporter.
  5067 | D:6      | 5067 ||| PLANNING SEWER
  5201 | D:6      | Reached * piety under Okawaru
  5202 | D:6      | 5202 ||| INVOKING Heroism.
  5208 | D:6      | Reached skill level 11 in Ranged Weapons
  5208 | D:6      | Reached XP level 9. HP: 50/86 MP: 5/8
  5321 | D:6      | 5321 ||| SWAPPING to +3 shortbow.
  5322 | D:6      | 5322 ||| DROPPING +0 shortbow of chaos.
  5370 | D:6      | Reached skill level 1 in Invocations
  5403 | D:6      | 5403 ||| INVOKING Heroism.
  5404 | D:6      | 5404 ||| INVOKING Heroism.
  5405 | D:6      | 5405 ||| SWAPPING to +0 arbalest.
  5407 | D:6      | 5407 ||| DROPPING +3 shortbow.
  5427 | D:6      | 5427 ||| INVOKING Heroism.
  5483 | D:6      | 5483 ||| INVOKING Heroism.
  5636 | D:6      | Found a sparkling altar of Nemelex Xobeh.
  5775 | D:6      | 5775 ||| RIP SEWER
  5791 | D:6      | 5791 ||| PLANNING D:1-11
  5908 | D:6      | 5908 ||| DRINKING 2 brown potions.
  5927 | D:6      | 5927 ||| DROPPING potion of lignification.
  5953 | D:7      | 5953 ||| STAIRDANCE
  5955 | D:6      | 5955 ||| INVOKING Heroism.
  5958 | D:6      | HP: 16/86 [yak (6)]
  5959 | D:6      | 5959 ||| READING 4 scrolls of teleportation.
  5960 | D:6      | 5960 ||| DRINKING 2 potions of heal wounds.
  6159 | D:7      | 6159 ||| INVOKING Heroism.
  6162 | D:7      | 6162 ||| Stepping ~*~*~tactically~*~*~ (outnumbered).
  6168 | D:7      | Reached skill level 12 in Ranged Weapons
  6253 | D:7      | Reached skill level 3 in Invocations
  6259 | D:7      | Reached ** piety under Okawaru
  6298 | D:7      | 6298 ||| INVOKING Heroism.
  6442 | D:7      | 6442 ||| INVOKING Heroism.
  6561 | D:7      | 6561 ||| INVOKING Heroism.
  6672 | D:7      | 6672 ||| INVOKING Heroism.
  6678 | D:7      | Reached XP level 10. HP: 96/96 MP: 9/12
  6712 | D:7      | 6712 ||| READING 2 scrolls of identify.
  6712 | D:7      | 6712 ||| IDENTIFYING black potion
  6713 | D:7      | 6713 ||| DROPPING potion of ambrosia.
  6736 | D:8      | 6736 ||| INVOKING Heroism.
  6797 | D:8      | 6797 ||| Stepping ~*~*~tactically~*~*~ (outnumbered).
  6890 | D:8      | 6890 ||| Stepping ~*~*~tactically~*~*~ (outnumbered).
  6925 | D:8      | Noticed a cyclops
  6926 | D:8      | 6926 ||| INVOKING Heroism.
  6929 | D:8      | Killed a cyclops
  6930 | D:8      | Reached skill level 13 in Ranged Weapons
  7004 | D:8      | 7004 ||| INVOKING Heroism.
  7009 | D:8      | Reached skill level 9 in Fighting
  7014 | D:8      | Reached *** piety under Okawaru
  7417 | D:8      | 7417 ||| INVOKING Heroism.
  7494 | D:8      | 7494 ||| INVOKING Heroism.
  7499 | D:8      | Reached skill level 14 in Ranged Weapons
  7557 | D:8      | 7557 ||| INVOKING Heroism.
  7583 | D:8      | 7583 ||| FLEEEEING.
  7611 | D:8      | 7611 ||| INVOKING Heroism.
  7617 | D:8      | Reached skill level 6 in Dodging
  7642 | D:8      | Found a staircase to the Lair.
  7945 | D:8      | 7945 ||| PLANNING LAIR
  7945 | D:8      | 7945 ||| READING scroll labelled UPNUAGR XENEU.
  7946 | D:8      | 7946 ||| READING 2 scrolls of identify.
  7946 | D:8      | 7946 ||| IDENTIFYING amethyst potion
  8053 | Lair:1   | Entered Level 1 of the Lair of Beasts
  8151 | Lair:1   | Noticed a cane toad
  8152 | Lair:1   | 8152 ||| INVOKING Heroism.
  8156 | Lair:1   | Killed a cane toad
  8181 | Lair:1   | Noticed a boulder beetle
  8182 | Lair:1   | 8182 ||| INVOKING Heroism.
  8195 | Lair:1   | Killed a boulder beetle
  8324 | Lair:1   | Reached XP level 11. HP: 111/111 MP: 13/13
  8347 | Lair:1   | Reached **** piety under Okawaru
  8357 | Lair:1   | 8357 ||| INVOKING Heroism.
  8405 | Lair:1   | 8405 ||| INVOKING Heroism.
  8628 | Lair:1   | Found a runed translucent gate.
  8628 | Lair:1   | Found a runed translucent gate.
  8630 | Lair:1   | Found a runed translucent gate.
  8636 | Lair:1   | Noticed qw's ghost (journeyman MiHu)
  8751 | Lair:1   | 8751 ||| INVOKING Heroism.
  8849 | Lair:1   | 8849 ||| DRINKING potion of cancellation.
  8925 | Lair:1   | Noticed a boulder beetle
  8926 | Lair:1   | 8926 ||| INVOKING Heroism.
  8938 | Lair:1   | 8938 ||| INVOKING Heroism.
  8945 | Lair:1   | Killed a boulder beetle
  8945 | Lair:1   | Received a gift from Okawaru
  8946 | Lair:1   | Reached skill level 15 in Ranged Weapons
  9207 | Lair:1   | Noticed a fire dragon
  9210 | Lair:1   | 9210 ||| INVOKING Heroism.
  9218 | Lair:1   | Killed a fire dragon
  9219 | Lair:1   | Reached skill level 6 in Invocations
  9345 | Lair:1   | 9345 ||| DROPPING amulet of the acrobat.
  9354 | Lair:2   | You fall into a shaft and drop 1 floor!
  9363 | Lair:3   | 9363 ||| INVOKING Heroism.
  9381 | Lair:3   | Noticed a death yak
  9382 | Lair:3   | 9382 ||| INVOKING Heroism.
  9382 | Lair:3   | Noticed a lindwurm
  9385 | Lair:3   | Noticed a death yak
  9385 | Lair:3   | Noticed a death yak
  9390 | Lair:3   | Killed a lindwurm
  9390 | Lair:3   | Noticed a death yak
  9391 | Lair:3   | Noticed a death yak
  9395 | Lair:3   | Killed a death yak
  9401 | Lair:3   | Killed a death yak
  9401 | Lair:3   | Reached ***** piety under Okawaru
  9402 | Lair:3   | 9402 ||| INVOKING Finesse.
  9402 | Lair:3   | HP: 24/111 [death yak (15)]
  9403 | Lair:3   | 9403 ||| READING 4 scrolls of teleportation.
  9404 | Lair:3   | 9404 ||| DRINKING 2 potions of heal wounds.
  9405 | Lair:3   | 9405 ||| DRINKING potion of heal wounds.
  9442 | Lair:3   | 9442 ||| INVOKING Heroism.
  9561 | Lair:3   | 9561 ||| INVOKING Heroism.
  9634 | Lair:3   | 9634 ||| INVOKING Heroism.
  9668 | Lair:3   | Reached XP level 12. HP: 117/117 MP: 15/17
  9673 | Lair:3   | 9673 ||| INVOKING Heroism.
  9674 | Lair:3   | 9674 ||| INVOKING Finesse.
  9686 | Lair:3   | Killed a death yak
  9687 | Lair:3   | Reached skill level 16 in Ranged Weapons
  9692 | Lair:3   | Killed a death yak
  9702 | Lair:3   | Killed a death yak
  9733 | Lair:3   | 9733 ||| INVOKING Heroism.
  9841 | Lair:2   | Identified the +10 orcbow "Uroryem" {heavy, Fly Int+3}
                  | (Okawaru gifted it to you on level 2 of the Lair of Beasts)
  9841 | Lair:2   | Received a gift from Okawaru
  9842 | Lair:2   | Reached skill level 9 in Invocations
  9847 | Lair:2   | 9847 ||| SWAPPING to +10 orcbow "Uroryem" {heavy, Fly
                  | Int+3}.
  9848 | Lair:2   | 9848 ||| DROPPING +0 arbalest.
  9875 | Lair:2   | 9875 ||| INVOKING Heroism.
 10096 | Lair:2   | 10096 ||| INVOKING Heroism.
 10106 | Lair:2   | Reached skill level 6 in Armour
 10401 | Lair:2   | Found the +4 skin of Zhor {*Englaciate rC+++ SInv}
 10495 | Lair:2   | Found a staircase to the Snake Pit.
 10605 | Lair:2   | 10605 ||| INVOKING Heroism.
 10855 | Lair:2   | 10855 ||| FLEEEEING.
 10856 | Lair:2   | 10856 ||| STAIRDANCE
 11058 | Lair:1   | 11058 ||| UPGRADING to +4 skin of Zhor {*Englaciate rC+++
                  | SInv}.
 11068 | Lair:1   | 11068 ||| DROPPING ring of willpower.
 11069 | Lair:1   | 11069 ||| READING scroll labelled HET EREJEOBB.
 11070 | Lair:1   | 11070 ||| DRINKING 2 sedimented silvery potions.
 11071 | Lair:1   | 11071 ||| READING 3 scrolls of identify.
 11071 | Lair:1   | 11071 ||| IDENTIFYING golden potion
 11082 | Lair:2   | 11082 ||| STAIRDANCE
 11243 | Lair:2   | 11243 ||| UPGRADING to +6 ring of dexterity.
 11245 | Lair:2   | 11245 ||| UPGRADING to +5 ring of evasion.
 11247 | Lair:2   | 11247 ||| DROPPING +4 ring of protection.
 11292 | Lair:3   | 11292 ||| INVOKING Heroism.
 11295 | Lair:3   | Identified the +5 ring mail of Free Will {Str+3} (Okawaru
                  | gifted it to you on level 3 of the Lair of Beasts)
 11295 | Lair:3   | Received a gift from Okawaru
 11307 | Lair:3   | Reached skill level 9 in Dodging
 11350 | Lair:3   | Found a staircase to the Swamp.
 11360 | Lair:3   | 11360 ||| INVOKING Heroism.
 11386 | Lair:3   | Reached XP level 13. HP: 127/127 MP: 19/19
 11517 | Lair:3   | Reached skill level 12 in Fighting
 11529 | Lair:3   | 11529 ||| INVOKING Heroism.
 11914 | Lair:4   | 11914 ||| INVOKING Heroism.
 11915 | Lair:4   | 11915 ||| INVOKING Finesse.
 12042 | Lair:4   | 12042 ||| INVOKING Heroism.
 12073 | Lair:4   | 12073 ||| FLEEEEING.
 12074 | Lair:4   | 12074 ||| FLEEEEING.
 12114 | Lair:4   | 12114 ||| INVOKING Heroism.
 12134 | Lair:4   | Found the -2 hat of the Alchemist {rElec rPois rF+ rC+ rN+
                  | Will+ rMut rCorr}
 12429 | Lair:4   | 12429 ||| INVOKING Heroism.
 12549 | Lair:4   | 12549 ||| UPGRADING to -2 hat of the Alchemist {rElec rPois
                  | rF+ rC+ rN+ Will+ rMut rCorr}.
 12554 | Lair:4   | 12554 ||| READING 4 scrolls of identify.
 12554 | Lair:4   | 12554 ||| IDENTIFYING lumpy silvery potion
 12555 | Lair:4   | 12555 ||| DROPPING potion of brilliance.
 12568 | Lair:5   | Entered Level 5 of the Lair of Beasts
 12621 | Lair:5   | 12621 ||| INVOKING Heroism.
 12675 | Lair:5   | 12675 ||| INVOKING Finesse.
 12705 | Lair:5   | 12705 ||| INVOKING Heroism.
 12730 | Lair:5   | Reached skill level 12 in Dodging
 12767 | Lair:5   | 12767 ||| INVOKING Heroism.
 12780 | Lair:5   | 12780 ||| Stepping ~*~*~tactically~*~*~ (outnumbered).
 12787 | Lair:5   | 12787 ||| INVOKING Finesse.
 12832 | Lair:5   | 12832 ||| DRINKING potion of cancellation.
 12833 | Lair:5   | 12833 ||| Stepping ~*~*~tactically~*~*~ (outnumbered).
 12844 | Lair:5   | Received a gift from Okawaru
 12899 | Lair:5   | 12899 ||| DROPPING +3 orcbow of draining.
 12951 | Lair:5   | Found a runed translucent door.
 12952 | Lair:5   | Found a viscous altar of Jiyva.
 12953 | Lair:5   | Noticed an acid blob
 12954 | Lair:5   | Found a staircase to the Slime Pits.
 13115 | Lair:5   | 13115 ||| INVOKING Heroism.
 13138 | Lair:5   | Reached skill level 15 in Fighting
 13208 | Lair:5   | 13208 ||| INVOKING Heroism.
 13209 | Lair:5   | 13209 ||| INVOKING Finesse.
 13348 | Lair:5   | 13348 ||| Stepping ~*~*~tactically~*~*~ (outnumbered).
 13354 | Lair:5   | 13354 ||| INVOKING Heroism.
 13364 | Lair:5   | Reached XP level 14. HP: 148/148 MP: 18/20
 13452 | Lair:5   | 13452 ||| Stepping ~*~*~tactically~*~*~ (outnumbered).
 13454 | Lair:5   | 13454 ||| Stepping ~*~*~tactically~*~*~ (outnumbered).
 13499 | Lair:5   | Found a large runed translucent door.
 13499 | Lair:5   | Found a large runed translucent door.
 13860 | Lair:5   | 13860 ||| PLANNING D:1-11
 13860 | Lair:5   | 13860 ||| DROPPING ring of wizardry.
 14092 | D:9      | Found a staircase to the Orcish Mines.
 14096 | D:9      | Noticed Erolcha
 14097 | D:9      | 14097 ||| INVOKING Heroism.
 14098 | D:9      | 14098 ||| INVOKING Finesse.
 14101 | D:9      | Killed Erolcha
 14200 | D:9      | 14200 ||| Stepping ~*~*~tactically~*~*~ (outnumbered).
 14201 | D:9      | 14201 ||| Stepping ~*~*~tactically~*~*~ (outnumbered).
 14204 | D:9      | 14204 ||| Stepping ~*~*~tactically~*~*~ (outnumbered).
 14334 | D:9      | 14334 ||| FLEEEEING.
 14430 | D:9      | 14430 ||| Stepping ~*~*~tactically~*~*~ (outnumbered).
 14432 | D:9      | 14432 ||| Stepping ~*~*~tactically~*~*~ (outnumbered).
 14439 | D:9      | 14439 ||| Stepping ~*~*~tactically~*~*~ (outnumbered).
 14441 | D:9      | 14441 ||| Stepping ~*~*~tactically~*~*~ (outnumbered).
 14443 | D:9      | 14443 ||| Stepping ~*~*~tactically~*~*~ (outnumbered).
 14446 | D:9      | 14446 ||| Stepping ~*~*~tactically~*~*~ (outnumbered).
 14661 | D:9      | 14661 ||| UPGRADING to +1 pair of gloves.
 14671 | D:9      | 14671 ||| DROPPING +0 pair of gloves.
 14672 | D:9      | 14672 ||| READING scroll labelled XOUNERCH JOGE.
 14692 | D:10     | Entered Level 10 of the Dungeon
 14826 | D:10     | Identified the +5 hand axe of the Bedazzled God {vamp, Fly
                  | rC+ rN+ SInv}
 15867 | D:11     | Found a burning altar of Makhleb.
 15903 | D:11     | 15903 ||| PLANNING D
 16000 | D:12     | 16000 ||| INVOKING Heroism.
 16001 | D:12     | 16001 ||| INVOKING Finesse.
 16377 | D:12     | Reached ****** piety under Okawaru
 16694 | D:12     | Received a gift from Okawaru
 16696 | D:12     | 16696 ||| SWAPPING to +5 triple crossbow of freezing.
 16697 | D:12     | 16697 ||| DROPPING +10 orcbow "Uroryem" {heavy, Fly Int+3}.
 16818 | D:12     | 16818 ||| READING scroll labelled HOPUYC HEXZIY.
 16861 | D:13     | Noticed Rupert
 16861 | D:13     | Noticed Nessos
 16861 | D:13     | Found a gate to the Vaults.
 16862 | D:13     | 16862 ||| INVOKING Heroism.
 16863 | D:13     | 16863 ||| INVOKING Finesse.
 16881 | D:13     | Killed Rupert
 16897 | D:13     | 16897 ||| STAIRDANCE
 17108 | D:13     | 17108 ||| INVOKING Finesse.
 17114 | D:13     | 17114 ||| INVOKING Heroism.
 17115 | D:13     | Killed Nessos
 17116 | D:13     | Reached skill level 17 in Ranged Weapons
 17193 | D:13     | 17193 ||| STAIRDANCE
 17303 | D:13     | Found a frozen archway.
 17375 | D:13     | 17375 ||| INVOKING Heroism.
 17376 | D:13     | 17376 ||| INVOKING Finesse.
 17447 | D:13     | 17447 ||| Stepping ~*~*~tactically~*~*~ (outnumbered).
 17451 | D:13     | Received a gift from Okawaru
 17473 | D:13     | 17473 ||| INVOKING Heroism.
 17572 | D:13     | 17572 ||| INVOKING Heroism.
 17737 | D:13     | 17737 ||| READING 11 scrolls of identify.
 17737 | D:13     | 17737 ||| IDENTIFYING purple potion
 17738 | D:13     | 17738 ||| DROPPING potion of invisibility.
 17777 | D:14     | 17777 ||| STAIRDANCE
 17881 | D:14     | Reached XP level 15. HP: 145/159 MP: 21/21
 17937 | D:14     | 17937 ||| INVOKING Heroism.
 17938 | D:14     | 17938 ||| Stepping ~*~*~tactically~*~*~ (outnumbered).
 17945 | D:14     | Reached skill level 18 in Ranged Weapons
 18047 | D:14     | 18047 ||| FLEEEEING.
 18048 | D:14     | 18048 ||| FLEEEEING.
 18049 | D:14     | 18049 ||| FLEEEEING.
 18051 | D:14     | 18051 ||| FLEEEEING.
 18052 | D:14     | 18052 ||| FLEEEEING.
 18053 | D:14     | 18053 ||| STAIRDANCE
 18117 | D:14     | Found Quadgh's Antique Armour Emporium.
 18118 | D:14     | Found Riac's Book Emporium.
 18120 | D:14     | Found Ninn's Armour Emporium.
 18121 | D:14     | Found Ishryrot's Antique Armour Emporium.
 18132 | D:14     | 18132 ||| BUYING +2 leather armour of poison resistance
                  | (272 gold).
 18132 | D:14     | Bought a +2 leather armour of poison resistance for 272
                  | gold pieces
 18136 | D:14     | 18136 ||| BUYING +3 Mad Mage's Maulers {Infuse+∞ VampMP
                  | -Cast} (1080 gold).
 18136 | D:14     | Bought the +3 Mad Mage's Maulers {Infuse+∞ VampMP -Cast}
                  | for 1080 gold pieces
 18136 | D:14     | Found the +3 Mad Mage's Maulers {Infuse+∞ VampMP -Cast}
 18136 | D:14     | 18136 ||| BUYING pair of embroidered boots (202 gold).
 18136 | D:14     | Bought a pair of embroidered boots for 202 gold pieces
 18136 | D:14     | 18136 ||| BUYING pair of runed boots (202 gold).
 18136 | D:14     | Bought a pair of runed boots for 202 gold pieces
 18136 | D:14     | 18136 ||| SHOPLISTING runed troll leather armour (486 gold,
                  | have 176).
 18234 | D:14     | 18234 ||| UPGRADING to +2 pair of boots of flying.
 18247 | D:14     | 18247 ||| DROPPING +0 pair of boots of stealth.
 18479 | D:14     | 18479 ||| READING scroll of enchant weapon.
 18479 | D:14     | 18479 ||| ENCHANTING +6 triple crossbow of freezing.
 18524 | D:15     | Entered Level 15 of the Dungeon
 18798 | D:15     | Found a staircase to the Depths.
 18799 | D:15     | 18799 ||| INVOKING Heroism.
 18940 | D:15     | Found a runed translucent door.
 19356 | D:15     | 19356 ||| PLANNING ORC
 19356 | D:15     | 19356 ||| READING scroll labelled JITESS WYHE.
 19357 | D:15     | 19357 ||| READING scroll labelled CYPOAD GUS URI.
 19357 | D:15     | Identified a scroll of acquirement
 19357 | D:15     | 19357 ||| ACQUIRING 617 gold pieces
 19357 | D:15     | Acquired 617 gold pieces
 19534 | Orc:1    | Entered Level 1 of the Orcish Mines
 19680 | Orc:1    | Reached skill level 19 in Ranged Weapons
 19703 | Orc:1    | 19703 ||| INVOKING Heroism.
 19798 | Orc:1    | You are sucked into a shaft and drop 1 floor!
 19798 | Orc:2    | Entered Level 2 of the Orcish Mines
 20015 | Orc:2    | Found a staircase to the Elven Halls.
 20100 | Orc:2    | Noticed Azrael
 20101 | Orc:2    | 20101 ||| INVOKING Heroism.
 20107 | Orc:2    | 20107 ||| Stepping ~*~*~tactically~*~*~ (outnumbered).
 20109 | Orc:2    | 20109 ||| Stepping ~*~*~tactically~*~*~ (outnumbered).
 20110 | Orc:2    | 20110 ||| Stepping ~*~*~tactically~*~*~ (outnumbered).
 20123 | Orc:2    | 20123 ||| INVOKING Finesse.
 20128 | Orc:2    | 20128 ||| INVOKING Heroism.
 20134 | Orc:2    | Killed Azrael
 20258 | Orc:2    | 20258 ||| INVOKING Heroism.
 20310 | Orc:2    | 20310 ||| Stepping ~*~*~tactically~*~*~ (outnumbered).
 20312 | Orc:2    | 20312 ||| Stepping ~*~*~tactically~*~*~ (outnumbered).
 20314 | Orc:2    | 20314 ||| Stepping ~*~*~tactically~*~*~ (outnumbered).
 20317 | Orc:2    | 20317 ||| Stepping ~*~*~tactically~*~*~ (outnumbered).
 20319 | Orc:2    | 20319 ||| INVOKING Heroism.
 20341 | Orc:2    | 20341 ||| Stepping ~*~*~tactically~*~*~ (outnumbered).
 20343 | Orc:2    | 20343 ||| Stepping ~*~*~tactically~*~*~ (outnumbered).
 20408 | Orc:2    | 20408 ||| INVOKING Heroism.
 20441 | Orc:2    | 20441 ||| FLEEEEING.
 20442 | Orc:2    | 20442 ||| FLEEEEING.
 20443 | Orc:2    | 20443 ||| FLEEEEING.
 20444 | Orc:2    | 20444 ||| FLEEEEING.
 20445 | Orc:2    | 20445 ||| FLEEEEING.
 20446 | Orc:2    | 20446 ||| FLEEEEING.
 20447 | Orc:2    | 20447 ||| FLEEEEING.
 20448 | Orc:2    | 20448 ||| FLEEEEING.
 20449 | Orc:2    | 20449 ||| FLEEEEING.
 20450 | Orc:2    | 20450 ||| FLEEEEING.
 20451 | Orc:2    | 20451 ||| FLEEEEING.
 20829 | Orc:2    | 20829 ||| INVOKING Heroism.
 20832 | Orc:2    | 20832 ||| Stepping ~*~*~tactically~*~*~ (outnumbered).
 20851 | Orc:2    | Found Mashuf's Book Shop.
 20851 | Orc:2    | Found Kohaewk's Distillery.
 20853 | Orc:2    | Found Homur's Jewellery Shop.
 20853 | Orc:2    | Found Pesicsy's Antique Weapon Shoppe.
 20861 | Orc:2    | 20861 ||| BUYING ring of protection from fire (300 gold).
 20861 | Orc:2    | Bought a ring of protection from fire for 300 gold pieces
 20862 | Orc:2    | 20862 ||| BUYING glowing triple crossbow (442 gold).
 20862 | Orc:2    | Bought a glowing triple crossbow for 442 gold pieces
 20862 | Orc:2    | 20862 ||| DROPPING +1 longbow of flaming.
 20865 | Orc:2    | 20865 ||| BUYING 2 potions of heal wounds (170 gold).
 20865 | Orc:2    | Bought 2 potions of heal wounds for 170 gold pieces
 20865 | Orc:2    | 20865 ||| BUYING potion of curing (51 gold).
 20865 | Orc:2    | Bought a potion of curing for 51 gold pieces
 20865 | Orc:2    | 20865 ||| BUYING potion of curing (51 gold).
 20865 | Orc:2    | Bought a potion of curing for 51 gold pieces
 20865 | Orc:2    | 20865 ||| BUYING potion of curing (51 gold).
 20865 | Orc:2    | Bought a potion of curing for 51 gold pieces
 20865 | Orc:2    | 20865 ||| BUYING potion of curing (51 gold).
 20865 | Orc:2    | Bought a potion of curing for 51 gold pieces
 20865 | Orc:2    | 20865 ||| BUYING potion of curing (51 gold).
 20865 | Orc:2    | Bought a potion of curing for 51 gold pieces
 20865 | Orc:2    | 20865 ||| BUYING potion of magic (136 gold).
 20865 | Orc:2    | Bought a potion of magic for 136 gold pieces
 20865 | Orc:2    | 20865 ||| PLANNING SNAKE:1-3
 21051 | Snake:1  | Entered Level 1 of the Snake Pit
 21058 | Snake:1  | Reached skill level 20 in Ranged Weapons
 21058 | Snake:1  | 21058 ||| STAIRDANCE
 21155 | Snake:1  | 21155 ||| STAIRDANCE
 21234 | Snake:1  | 21234 ||| Stepping ~*~*~tactically~*~*~ (outnumbered).
 21270 | Snake:1  | 21270 ||| FLEEEEING.
 21273 | Snake:1  | 21273 ||| STAIRDANCE
 21525 | Snake:1  | 21525 ||| INVOKING Heroism.
 21657 | Snake:1  | Identified the +1 plate armour of Hupyponli {rF+ Stlth+}
                  | (Okawaru gifted it to you on level 1 of the Snake Pit)
 21657 | Snake:1  | Received a gift from Okawaru
 21771 | Snake:1  | 21771 ||| READING scroll of enchant weapon.
 21771 | Snake:1  | 21771 ||| ENCHANTING +7 triple crossbow of freezing.
 21821 | Snake:1  | Noticed Frances
 21822 | Snake:1  | 21822 ||| INVOKING Heroism.
 21823 | Snake:1  | 21823 ||| INVOKING Finesse.
 21827 | Snake:1  | Killed Frances
 21828 | Snake:1  | Reached skill level 21 in Ranged Weapons
 21967 | Snake:1  | Found Aroell's Jewellery Shoppe.
 21975 | Snake:1  | 21975 ||| SHOPLISTING +6 ring of dexterity (576 gold, have
                  | 570).
 22251 | Snake:2  | Noticed Jorgrun
 22252 | Snake:2  | 22252 ||| INVOKING Heroism.
 22253 | Snake:2  | 22253 ||| INVOKING Finesse.
 22257 | Snake:2  | Killed Jorgrun
 22268 | Snake:2  | 22268 ||| Stepping ~*~*~tactically~*~*~ (outnumbered).
 22273 | Snake:2  | Reached XP level 16. HP: 167/167 MP: 16/22
 22280 | Snake:2  | Noticed a thorn hunter
 22281 | Snake:2  | 22281 ||| INVOKING Heroism.
 22288 | Snake:2  | Killed a thorn hunter
 22307 | Snake:2  | 22307 ||| INVOKING Finesse.
 22390 | Snake:2  | 22390 ||| INVOKING Heroism.
 22391 | Snake:2  | 22391 ||| INVOKING Finesse.
 22401 | Snake:2  | Noticed a tentacled monstrosity
 22407 | Snake:2  | Killed a tentacled monstrosity
 22416 | Snake:2  | Reached skill level 22 in Ranged Weapons
 22488 | Snake:2  | Noticed Aizul
 22490 | Snake:2  | 22490 ||| INVOKING Heroism.
 22521 | Snake:2  | 22521 ||| INVOKING Finesse.
 22526 | Snake:2  | 22526 ||| INVOKING Heroism.
 22542 | Snake:2  | Killed Aizul
 22772 | Snake:2  | 22772 ||| INVOKING Heroism.
 22863 | Snake:2  | 22863 ||| INVOKING Heroism.
 22865 | Snake:2  | 22865 ||| Stepping ~*~*~tactically~*~*~ (outnumbered).
 22941 | Snake:2  | You are sucked into a shaft and drop 1 floor!
 22946 | Snake:3  | 22946 ||| Stepping ~*~*~tactically~*~*~ (outnumbered).
 22952 | Snake:3  | 22952 ||| DROPPING ring of positive energy.
 22957 | Snake:3  | Reached skill level 15 in Dodging
 22957 | Snake:3  | 22957 ||| DROPPING +6 ring of strength.
 22958 | Snake:3  | 22958 ||| READING scroll labelled WEOHICIULO.
 23068 | Snake:3  | 23068 ||| READING scroll labelled MAARISTYEN.
 23137 | Snake:3  | 23137 ||| Stepping ~*~*~tactically~*~*~ (outnumbered).
 23224 | Snake:3  | 23224 ||| Stepping ~*~*~tactically~*~*~ (outnumbered).
 23375 | Snake:3  | 23375 ||| Stepping ~*~*~tactically~*~*~ (outnumbered).
 23379 | Snake:3  | 23379 ||| Stepping ~*~*~tactically~*~*~ (outnumbered).
 23381 | Snake:3  | 23381 ||| Stepping ~*~*~tactically~*~*~ (outnumbered).
 23385 | Snake:3  | Received a gift from Okawaru
 23391 | Snake:3  | Noticed Saint Roka
 23392 | Snake:3  | 23392 ||| INVOKING Heroism.
 23393 | Snake:3  | 23393 ||| INVOKING Finesse.
 23394 | Snake:3  | 23394 ||| Stepping ~*~*~tactically~*~*~ (outnumbered).
 23404 | Snake:3  | Killed Saint Roka
 23419 | Snake:3  | 23419 ||| Stepping ~*~*~tactically~*~*~ (outnumbered).
 23515 | Snake:3  | Noticed Agnes
 23516 | Snake:3  | 23516 ||| INVOKING Heroism.
 23517 | Snake:3  | 23517 ||| INVOKING Finesse.
 23524 | Snake:3  | Killed Agnes
 23543 | Snake:3  | Identified the +5 battleaxe of the Jumping Messenger
                  | {speed, Int+3} (Okawaru gifted it to you on level 3 of the
                  | Snake Pit)
 23543 | Snake:3  | Received a gift from Okawaru
 23986 | Snake:3  | Found a runed translucent door.
 23986 | Snake:3  | Found a shimmering altar of Xom.
 23986 | Snake:3  | Noticed wjtupper's ghost (adept MiHu)
 24000 | Snake:3  | 24000 ||| PLANNING SWAMP:1-3
 24000 | Snake:3  | 24000 ||| READING 15 scrolls of identify.
 24000 | Snake:3  | 24000 ||| IDENTIFYING green potion
 24116 | Swamp:1  | Entered Level 1 of the Swamp
 24117 | Swamp:1  | 24117 ||| INVOKING Heroism.
 24347 | Swamp:1  | 24347 ||| INVOKING Heroism.
 24354 | Swamp:1  | Reached skill level 18 in Fighting
 24374 | Swamp:1  | Found a glowing silver altar of Zin.
 24397 | Swamp:1  | 24397 ||| INVOKING Heroism.
 24400 | Swamp:1  | 24400 ||| INVOKING Finesse.
 24485 | Swamp:1  | Noticed Josephine
 24487 | Swamp:1  | Killed Josephine
 24506 | Swamp:1  | 24506 ||| INVOKING Heroism.
 24541 | Swamp:1  | 24541 ||| INVOKING Heroism.
 24552 | Swamp:1  | Reached XP level 17. HP: 178/179 MP: 23/23
 24692 | Swamp:1  | 24692 ||| DROPPING ring of magical power.
 24743 | Swamp:2  | 24743 ||| INVOKING Heroism.
 24744 | Swamp:2  | 24744 ||| Stepping ~*~*~tactically~*~*~ (outnumbered).
 24788 | Swamp:2  | You are sucked into a shaft and drop 1 floor!
 24796 | Swamp:3  | Received a gift from Okawaru
 24899 | Swamp:3  | 24899 ||| INVOKING Heroism.
 24978 | Swamp:3  | 24978 ||| INVOKING Heroism.
 25045 | Swamp:3  | 25045 ||| INVOKING Heroism.
 25078 | Swamp:3  | 25078 ||| DROPPING amulet of regeneration.
 25096 | Swamp:2  | 25096 ||| READING scroll of enchant weapon.
 25096 | Swamp:2  | 25096 ||| ENCHANTING +8 triple crossbow of freezing.
 25154 | Swamp:2  | 25154 ||| INVOKING Heroism.
 25155 | Swamp:2  | Received a gift from Okawaru
 25174 | Swamp:2  | Noticed a tentacled monstrosity
 25175 | Swamp:2  | 25175 ||| INVOKING Finesse.
 25180 | Swamp:2  | 25180 ||| INVOKING Heroism.
 25187 | Swamp:2  | Killed a tentacled monstrosity
 25352 | Swamp:2  | Found a bloodstained altar of Trog.
 25617 | Swamp:3  | 25617 ||| INVOKING Heroism.
 25794 | Swamp:3  | 25794 ||| PLANNING SNAKE:4
 25930 | Snake:4  | Entered Level 4 of the Snake Pit
 25952 | Snake:4  | Found Pofoniat's Specific Store.
 25953 | Snake:4  | Noticed Mara
 25954 | Snake:4  | 25954 ||| INVOKING Heroism.
 25958 | Snake:4  | 25958 ||| Stepping ~*~*~tactically~*~*~ (outnumbered).
 25960 | Snake:4  | Noticed qw's illusion
 25969 | Snake:4  | Killed Mara
 26009 | Snake:4  | Found Isea's General Store.
 26018 | Snake:4  | 26018 ||| BUYING potion of might (80 gold).
 26018 | Snake:4  | Bought a potion of might for 80 gold pieces
 26018 | Snake:4  | 26018 ||| BUYING scroll of teleportation (60 gold).
 26018 | Snake:4  | Bought a scroll of teleportation for 60 gold pieces
 26049 | Snake:4  | Received a gift from Okawaru
 26052 | Snake:4  | 26052 ||| Stepping ~*~*~tactically~*~*~ (outnumbered).
 26199 | Snake:4  | Noticed Donald
 26200 | Snake:4  | 26200 ||| INVOKING Heroism.
 26201 | Snake:4  | 26201 ||| INVOKING Finesse.
 26206 | Snake:4  | Killed Donald
 26252 | Snake:4  | Reached skill level 18 in Dodging
 26257 | Snake:4  | 26257 ||| INVOKING Heroism.
 26368 | Snake:4  | 26368 ||| INVOKING Heroism.
 26370 | Snake:4  | 26370 ||| Stepping ~*~*~tactically~*~*~ (outnumbered).
 26401 | Snake:4  | 26401 ||| INVOKING Heroism.
 26524 | Snake:4  | 26524 ||| Stepping ~*~*~tactically~*~*~ (outnumbered).
 26530 | Snake:4  | 26530 ||| Stepping ~*~*~tactically~*~*~ (outnumbered).
 26564 | Snake:4  | Noticed a quicksilver dragon
 26567 | Snake:4  | 26567 ||| INVOKING Heroism.
 26567 | Snake:4  | Noticed a quicksilver dragon
 26569 | Snake:4  | Killed a quicksilver dragon
 26577 | Snake:4  | Killed a quicksilver dragon
 26587 | Snake:4  | 26587 ||| INVOKING Heroism.
 26842 | Snake:4  | 26842 ||| INVOKING Heroism.
 26913 | Snake:4  | Got a serpentine rune of Zot
 26974 | Snake:4  | 26974 ||| INVOKING Heroism.
 27111 | Snake:4  | 27111 ||| Stepping ~*~*~tactically~*~*~ (outnumbered).
 27113 | Snake:4  | 27113 ||| Stepping ~*~*~tactically~*~*~ (outnumbered).
 27188 | Snake:4  | 27188 ||| PLANNING VAULTS:1-4
 27188 | Snake:4  | 27188 ||| DROPPING ring of resist corrosion.
 27438 | Vaults:1 | Entered Level 1 of the Vaults
 27500 | Vaults:1 | Reached XP level 18. HP: 195/195 MP: 24/24
 27581 | Vaults:1 | 27581 ||| DROPPING +2 triple crossbow of flaming.
 27655 | Vaults:1 | Identified the +1 crystal plate armour of the Soldier {Harm
                  | rElec rN+ Str-5} (Okawaru gifted it to you on level 1 of
                  | the Vaults)
 27655 | Vaults:1 | Received a gift from Okawaru
 27665 | Vaults:1 | 27665 ||| INVOKING Heroism.
 27668 | Vaults:1 | HP: 13/196 [vault warden/+3 dire flail (39)]
 27669 | Vaults:1 | 27669 ||| READING 13 scrolls of teleportation.
 27669 | Vaults:1 | Annihilated by a vault warden

Levels and vault maps discovered:
D:1:      mrwooster_arrival_statue_3, layout_basic
D:2:      layout_basic, minmay_worlds_worst_comb
D:3:      kennysheep_big_flooded_room, layout_basic, st_stairs_3
D:4:      gammafunk_cloud_chamber, layout_gridville,
          nicolae_ossuary_entry_false_entrances, gammafunk_ghost_nasty_kobolds
D:5:      layout_gridville, temple_fountains, gammafunk_ghost_arena,
          hangedman_decor_opposing, minmay_misc_feat_secret_circle,
          uniq_prince_ribbit1, uniq_grinder
D:6:      layout_basic, mainiacjoe_overflow_paths, gup_sewer_entry_bowl
D:7:      layout_rooms, dreamdust_gnoll_farm
D:8:      layout_basic, erik_lair_dragon
D:9:      layout_basic, orc_0_dummy, dreamdust_wishing_well, uniq_erolcha
D:10:     layout_basic
D:11:     layout_long_grid, makhleb_altar_promises_db
D:12:     layout_loops_corners
D:13:     layout_gridville, david_vaults_3, portal_ice_cave_entry_pillars_2,
          bh_walls_and_bars
D:14:     layout_rooms, nicolae_concentric_dashed_squares_wild,
          minmay_shop_grid_forest
D:15:     grunt_enter_depths_snipers, layout_loops_ring, nicolae_water_bricks,
          lightli_airlock
Temple:   regret_index_temple_sigil_plot
Lair:1:   dragon1_lemuel, layout_long_grid, gammafunk_ghost_icy
Lair:2:   layout_regular_city, guppyfry_snake_entry_garden,
          columned_hall_lemuel, nicolae_quartered_pool_impasse,
          hellmonk_guarded_unrand_zhor
Lair:3:   layout_chaotic_city, swamp_mist_pool, serial_rivers,
          chequers_serial_rivers_small_a, chequers_serial_rivers_small_a,
          chequers_serial_rivers_room_a, chequers_serial_rivers_large_a,
          chequers_serial_rivers_room_b, lemuel_fruit_fields
Lair:4:   layout_big_grid, ice2_lemuel
Lair:5:   cheibrodos_lair_end_hotspot, layout_long_grid, slime_entry_2,
          special_room [special_room_mythical_zoo]
Swamp:1:  layout_falls_marsh, basic_altar, uniq_josephine
Swamp:2:  layout_falls_marsh, basic_altar, swamp_pool2
Swamp:3:  layout_falls_marsh, evilmike_swamp_ruin_house_3
Snake:1:  layout_gridlike, serial_shops, shop, nicolae_snake_gridmaze_spiral,
          uniq_frances
Snake:2:  onia_ninara_swampy_vault, layout_misc_corridors, serial_bayou_shore_b,
          uniq_jorgrun, uniq_aizul
Snake:3:  layout_cave_town, ebering_ghost_xom, uniq_agnes, uniq_saint_roka
Snake:4:  hellmonk_snake_rune_quicksilver_temple, layout_misc_corridors,
          nicolae_specific_store, nicolae_snake_guarding_the_ruins, uniq_donald,
          uniq_mara
Orc:1:    layout_caves
Orc:2:    grunt_orc_tribal_feast, layout_caves, uniq_azrael
Vaults:1: nicolae_vaults_storage_closets_1, v_misc_32,
          nicolae_vaults_corpse_flower, nicolae_vaults_variable_pillar_hall,
          v_alt_pattern_4, nicolae_vaults_apartment_1,
          nicolae_vaults_octothorpe, nicolae_vaults_closet_pinwheel_4,
          nicolae_vaults_cochlea, nicolae_vaults_trapezoid_lopsided_4,
          v_misc_29, nicolae_vaults_three_branches, nicolae_vaults_diamond_2,
          nicolae_vaults_tetromino_L_2, layout_vaults_omnicross

Skill      XL: |  1  2  3  4  5  6  7  8  9 10 11 12 13 14 15 16 17 18 |
---------------+-------------------------------------------------------+-----
Ranged Weapons | 5 6 7 8 9 11 12 14 15 16 17 21 22 | 22.0
Fighting       | 3 4 6 7 8 10 11 15 16 18 20 | 20.3
Armour         | 1 2 3 4 5 6 7 8 |  8.0
Dodging        | 4 5 6 10 12 14 16 18 19 | 19.0
Invocations    | 4 8 10 | 10.0
Stealth        | |  0.7

Action                     |  1- 3 |  4- 6 |  7- 9 | 10-12 | 13-15 | 16-18 || total
---------------------------+-------+-------+-------+-------+-------+-------++-------
   Fire: Shortbow          |   114 |   312 |   218 |       |       |       ||   644
         Arbalest          |       |       |   135 |   378 |       |       ||   513
         Orcbow            |       |       |       |   111 |   464 |       ||   575
         Triple crossbow   |       |       |       |       |   444 |   675 ||  1119
 Invoke: Heroism           |       |       |    10 |    27 |    30 |    30 ||    97
         Finesse           |       |       |       |     2 |    12 |     8 ||    22
    Use: Scroll            |     2 |     6 |     2 |     6 |     8 |     5 ||    29
         Potion            |       |     4 |     5 |     4 |     1 |       ||    14
 Armour: Leather armour    |     7 |       |       |       |       |       ||     7
         Ring mail         |     9 |    40 |    50 |    93 |       |       ||   192
         Animal skin       |       |       |       |     3 |    36 |    29 ||    68
  Dodge: Dodged            |    50 |    93 |   222 |   322 |   401 |   314 ||  1402

Table legend:
 A = Non-vault XP
 B = Vault XP
 C = Vault XP percentage of total XP
 D = Non-vault monster count
 E = Vault monster count
 F = Vault count percentage of total count
                 A         B        C        D         E       F
            +---------+---------+-------+---------+---------+-------
      Total |  213152 |   91315 |  30.0 |     773 |     268 |  25.7
            +---------+---------+-------+---------+---------+-------
        D:1 |      31 |       0 |   0.0 |      20 |       0 |   0.0
        D:2 |     128 |      10 |   7.2 |      31 |       5 |  13.9
        D:3 |     254 |       8 |   3.1 |      25 |       5 |  16.7
        D:4 |     303 |       0 |   0.0 |      26 |       0 |   0.0
        D:5 |     604 |     527 |  46.6 |      15 |       2 |  11.8
        D:6 |    1467 |       4 |   0.3 |      22 |       2 |   8.3
        D:7 |    1733 |     127 |   6.8 |      33 |       5 |  13.2
        D:8 |    2235 |    1562 |  41.1 |      37 |       6 |  14.0
        D:9 |    2971 |     865 |  22.5 |      45 |       1 |   2.2
       D:10 |    3318 |       0 |   0.0 |      17 |       0 |   0.0
       D:11 |    2630 |       0 |   0.0 |      12 |       0 |   0.0
       D:12 |    6294 |    1211 |  16.1 |      15 |       4 |  21.1
       D:13 |   10113 |    5332 |  34.5 |      31 |      16 |  34.0
       D:14 |    8789 |       0 |   0.0 |      23 |       0 |   0.0
       D:15 |    2986 |    2671 |  47.2 |       6 |       3 |  33.3
     Lair:1 |    6896 |     897 |  11.5 |      27 |       1 |   3.6
     Lair:2 |    5549 |    1979 |  26.3 |      19 |       6 |  24.0
     Lair:3 |   17053 |       0 |   0.0 |      61 |       0 |   0.0
     Lair:4 |    5435 |    2996 |  35.5 |      21 |      12 |  36.4
     Lair:5 |    6634 |   13501 |  67.1 |      15 |      51 |  77.3
    Swamp:1 |   13222 |    1949 |  12.8 |      27 |       6 |  18.2
    Swamp:2 |   12353 |       0 |   0.0 |      20 |       0 |   0.0
    Swamp:3 |   12709 |       0 |   0.0 |      23 |       0 |   0.0
    Snake:1 |   15707 |    1516 |   8.8 |      29 |       1 |   3.3
    Snake:2 |   11225 |   15159 |  57.5 |      22 |      23 |  51.1
    Snake:3 |   19781 |    5267 |  21.0 |      44 |      11 |  20.0
    Snake:4 |   17193 |   25417 |  59.7 |      31 |      34 |  52.3
      Orc:1 |    2191 |       0 |   0.0 |      13 |       0 |   0.0
      Orc:2 |    2855 |    9452 |  76.8 |      34 |      35 |  50.7
   Vaults:1 |   20493 |     442 |   2.1 |      29 |       1 |   3.3
    Ossuary |       0 |     423 | 100.0 |       0 |      38 | 100.0
            +---------+---------+-------+---------+---------+-------
